 Dungeon Crawl Stone Soup version 0.22-a0-388-g09e6169 (webtiles) character file.

70 roflturtle the Gusty (level 4, -2/24 HPs)
             Began as a Tengu Air Elementalist on Apr 29, 2018.
             Slain by a goblin (4 damage)
             ... on level 3 of the Dungeon.
             The game lasted 00:09:55 (1919 turns).

roflturtle the Gusty (Tengu Air Elementalist)       Turns: 1919, Time: 00:09:56

Health: -2/24      AC:  2    Str:  8    XL:     4   Next: 22%
Magic:  0/8        EV: 13    Int: 16    God:
Gold:   113        SH:  0    Dex: 15    Spells: 1/7 levels left

rFire    . . .     SeeInvis .   d - +0 dagger
rCold    . . .     Gourm    .   (no shield)
rNeg     . . .     Faith    .   a - +0 robe
rPois    .         Spirit   .   (helmet restricted)
rElec    .         Reflect  .   (no cloak)
rCorr    .         Harm     .   (no gloves)
MR       .....                  (boots unavailable)
Stlth    ++........             (no amulet)
HPRegen  0.08/turn              (no ring)
MPRegen  0.11/turn              (no ring)

@: lethally poisoned (-2 -> -7)
A: beak, talons 3
a: no special abilities


You were on level 3 of the Dungeon.
You were hungry.

You visited 1 branch of the dungeon, and saw 3 of its levels.

You collected 113 gold pieces.

Inventory:

Hand Weapons
 d - a +0 dagger (weapon)
Armour
 a - a +0 robe (worn)
 f - a +1 helmet
 i - a +0 ring mail of poison resistance
Jewellery
 j - an uncursed ring of stealth {unknown}
Scrolls
 e - 2 scrolls of enchant weapon {unknown}
 h - a scroll of enchant armour {unknown}
 k - a scroll of remove curse {unknown}
Potions
 g - a potion of agility {unknown}
Comestibles
 b - 7 chunks of flesh
 c - 4 rations


   Skills:
 - Level 3.0 Dodging
 - Level 2.0 Stealth
 - Level 2.0 Spellcasting
 - Level 4.0 Conjurations
 + Level 4.6 Air Magic


You had one spell level left.
You knew the following spells:

 Your Spells              Type           Power        Failure   Level  Hunger
a - Shock                 Conj/Air       ###.         3%          1    #......
b - Swiftness             Chrm/Air       #.......     12%         2    ###....
c - Static Discharge      Conj/Air       ###.....     11%         3    ###....


Dungeon Overview and Level Annotations

Branches:
Dungeon (3/15)

Altars:
Dithmenos


Innate Abilities, Weirdness & Mutations

You have a beak for a mouth.
You have claws for feet.


Message History

A hobgoblin comes into view. It is wielding a club.
The goblin barely misses you.
The hobgoblin moves out of view.
The adder barely misses you. The goblin barely misses you. The adder bites you.
* * * LOW HITPOINT WARNING * * *
You are lethally poisoned!
The adder poisons you!
* * * LOW HITPOINT WARNING * * *
You feel sick. The hobgoblin barely misses you.
The goblin hits you but does no damage.
Found a stone staircase leading down.
Casting: Shock (safe; 3% risk of failure)
Confirm with . or Enter, or press ? or * to list all spells.
Aiming: Shock (safe; 3% risk of failure)
Press: ? - help, Shift-Dir - straight line, f - goblin
Aim: a goblin The zap misses the goblin.
The hobgoblin hits you with a club.
* * * LOW HITPOINT WARNING * * *
The adder bites you but does no damage. The goblin hits you.
You die...

############
.....#.....##
............##
..........<.#
.......>....#
##........#
#...g...<#
#...g@...#
+...S....#
#.......##
#......#....
..##.###.....
#..# #.#
...... #.# #..
...... .. ##.
.>.... ...


You could see an adder, a hobgoblin and a goblin.

Vanquished Creatures
  An adder (D:2)
  2 worms
  A dart slug (D:1)
  A leopard gecko (D:1)
  2 giant cockroaches (D:1)
  4 goblins
  6 hobgoblins
  3 jackals
  3 kobolds
  3 quokkas (D:2)
  2 ball pythons (D:1)
  10 bats
  2 frilled lizards (D:1)
  10 rats
50 creatures vanquished.

Notes
Turn   | Place    | Note
-------+----------+-------------------------------------------
     0 | D:1      | roflturtle the Tengu Air Elementalist began the quest for the Orb.
     0 | D:1      | Reached XP level 1. HP: 10/10 MP: 4/4
   226 | D:1      | Reached XP level 2. HP: 15/15 MP: 4/6
   233 | D:1      | Learned a level 2 spell: Swiftness
   656 | D:1      | Reached XP level 3. HP: 19/19 MP: 4/7
   683 | D:1      | Learned a level 3 spell: Static Discharge
  1540 | D:2      | Reached XP level 4. HP: 24/24 MP: 3/8
  1763 | D:2      | Found a shadowy altar of Dithmenos.
  1919 | D:3      | Slain by a goblin

Vault maps used:
D:1:      sevenhm_arrival_forest_fort_large_1, minmay_tromino_v4_a
D:2:      lemuel_doored_altar, first_ration
D:3:      minmay_goblin_kobold_castle, vehumet_crystals,
          kennysheep_generic_room_14, uniq_grinder

Skill      XL: |  1  2  3 |
---------------+----------+-----
Conjurations   | 2 3 4 |  4.0
Dodging        | 3 |  3.0
Stealth        | |  2.0
Spellcasting   | |  2.0
Air Magic      | |  4.6

Action                   |  1- 3 |  4- 6 || total
-------------------------+-------+-------++-------
Melee: Dagger            |     9 |     2 ||    11
       Kick              |     1 |       ||     1
 Cast: Shock             |    68 |    26 ||    94
  Use: Scroll            |     2 |       ||     2
 Stab: Sleeping          |       |     1 ||     1
  Eat: Chunk             |     3 |     1 ||     4
Armor: Robe              |     3 |     4 ||     7
Dodge: Dodged            |    10 |    17 ||    27

Table legend:
 A = Spawn XP
 B = Non-spawn XP
 C = Spawn XP percentage of total XP
 D = Spawn monster count
 E = Non-spawn monster count
 F = Spawn count percentage of total count
 G = Total turns spent on level
                    A         B        C        D         E        F      G
               +---------+---------+-------+---------+---------+-------+---------
         Total |       0 |     101 |   0.0 |       0 |      50 |   0.0 |  1919
               +---------+---------+-------+---------+---------+-------+---------
           D:1 |       0 |      54 |   0.0 |       0 |      33 |   0.0 |  1222
           D:2 |       0 |      42 |   0.0 |       0 |      16 |   0.0 |   678
           D:3 |       0 |       5 |   0.0 |       0 |       1 |   0.0 |    19
               +---------+---------+-------+---------+---------+-------+---------
